 Dungeon Crawl Stone Soup version 0.28-b1-25-g9875b3fc8c (webtiles) character file.

Game seed: 18178082148525059540

1045 Masnef the Basher (level 8, -2/56 HPs)
             Began as a Gnoll Wanderer on Feb 6, 2022.
             Was an Elder of Hepliaklqana.
             Shot with an arrow by a centaur (8 damage)
             ... on level 5 of the Dungeon.
             The game lasted 00:10:09 (4716 turns).

Masnef the Basher (Gnoll Wanderer)                  Turns: 4716, Time: 00:10:09

Health: -2/56      AC: 10    Str: 10    XL:     8   Next: 25%
Magic:  11/12      EV:  5    Int: 10    God:    Hepliaklqana [****..]
Gold:   220        SH:  0    Dex: 17    Spells: 13/13 levels left

rFire   . . .      SeeInvis .   u - +1 halberd (venom)
rCold   . . .      Faith    .   (shield currently unavailable)
rNeg    . . .      Spirit   .   b - +0 chain mail
rPois   .          Reflect  .   (no helmet)
rElec   .          Harm     .   (no cloak)
rCorr   .          Rampage  .   (no gloves)
Will    +....                   (no boots)
Stlth   ..........              (no amulet)
HPRegen 0.18/turn               h - ring of flight
MPRegen 0.13/turn               k - ring of willpower

@: flying, hasted, very quick
A: reduced essence, fangs 1, strong nose, distributed training
a: Renounce Religion, Recall Ancestor, Ancestor Identity, Transference, Idealise


You were on level 5 of the Dungeon.
You worshipped Hepliaklqana.
Hepliaklqana was greatly pleased with you.
You visited 2 branches of the dungeon, and saw 8 of its levels.
You also visited: Ossuary.

You collected 220 gold pieces.

Inventory:

Hand Weapons
 a - a +0 mace
 m - the +7 dagger "Hir Cew" {freeze, Str+2 Stlth+}
   (You found it on level 3 of the Dungeon)

   It freezes those it strikes, dealing additional cold damage.
   It can also slow down cold-blooded creatures.
   Str:       It affects your strength (+2).
   Stlth:     It makes you more stealthy.
 u - a +1 halberd of venom (weapon)
Armour
 b - a +0 chain mail (worn)
Jewellery
 h - a ring of flight (left hand)
 k - a ring of willpower (right hand)
 q - a ring of fire
Wands
 v - a wand of iceblast (10)
Scrolls
 c - a scroll of fog
 d - 2 scrolls of blinking {unknown}
 f - a scroll of brand weapon {unknown}
 g - a scroll of immolation {unknown}
 l - a scroll of enchant armour {unknown}
 n - 4 scrolls of fear
 r - a scroll of teleportation
 s - a scroll of silence
 t - 4 scrolls of identify
 w - a scroll of noise {unknown}
Potions
 e - a potion of attraction {unknown}
 i - 2 potions of haste
 j - 3 potions of might {unknown}
 o - a potion of degeneration {unknown}
 p - a potion of curing


   Skills:
 + Level 5.6 Fighting
 + Level 3.1 Short Blades
 + Level 3.1 Long Blades
 + Level 3.1 Axes
 + Level 9.1 Maces & Flails
 + Level 3.1 Polearms
 + Level 3.1 Staves
 + Level 3.1 Slings
 + Level 3.1 Bows
 + Level 3.1 Crossbows
 + Level 3.1 Throwing
 + Level 5.6 Armour
 + Level 3.1 Dodging
 + Level 3.9 Stealth
 + Level 3.1 Shields
 + Level 3.1 Unarmed Combat
 + Level 3.1 Spellcasting
 + Level 2.5 Conjurations
 + Level 2.5 Hexes
 + Level 2.5 Summonings
 + Level 2.5 Necromancy
 + Level 2.5 Translocations
 + Level 2.5 Transmutations
 + Level 2.5 Fire Magic
 + Level 2.5 Ice Magic
 + Level 2.5 Air Magic
 + Level 2.5 Earth Magic
 + Level 2.5 Poison Magic
 + Level 3.4 Invocations
 + Level 4.1 Evocations


You had 13 spell levels left.
You didn't know any spells.
Your spell library contained the following spells:

 Spells                   Type           Power      Damage    Failure   Level
 Cause Fear               Hex            3%         N/A       100%        4
 Conjure Ball Lightning   Conj/Air       3%         3x3d6     100%        6
 Dragon Form              Tmut           3%         N/A       100%        7
 Discord                  Hex            3%         N/A       100%        8
 Disjunction              Tloc           3%         N/A       100%        8
 Dragon's Call            Summ           3%         N/A       100%        9


Dungeon Overview and Level Annotations

Branches:
Dungeon (7/15)             Temple (1/1) D:7         Ossuary (visited)

Altars:
Hepliaklqana
Zin


Innate Abilities, Weirdness & Mutations

Your life essence is reduced to manifest your ancestor. (-10% HP)
You have very sharp teeth.
Your uncanny sense of smell can sniff out nearby items.
Your experience applies equally to all skills.


Message History

You could not reach far enough!
The centaur unwields a +0 shortbow.
The centaur wields a +0 great sword.
The centaur hits Karl Marx with a +0 great sword!
Karl Marx blocks the centaur's attack.
Karl Marx hits the centaur with a +0 flail!
Karl Marx closely misses the centaur.
The centaur unwields a +0 great sword.
The centaur wields a +0 shortbow.
The centaur shoots an arrow.
The arrow hits Karl Marx.
Reach: u) +1 halberd (venom)
Press: ? - help, Dir - move target, f/p - centaur
Aim: a centaur, wielding a +0 shortbow and quivering arrows (moderately wounded, ally target, about 31% to evade your +1 halberd of venom)
You reach to attack!
You barely miss the centaur.
The centaur is moderately wounded.
The centaur shoots an arrow.
The arrow barely misses Karl Marx.
The arrow hits you. The gnoll hits you with a +0 club.
* * * LOW HITPOINT WARNING * * *
Karl Marx hits the centaur with a +0 flail!
Reach: u) +1 halberd (venom)
Press: ? - help, Dir - move target, f/p - centaur
Aim: a centaur, wielding a +0 shortbow and quivering arrows (heavily wounded, ally target, about 31% to evade your +1 halberd of venom)
You reach to attack!
You slash the centaur!
The centaur is almost dead.
The centaur shoots an arrow.
Karl Marx blocks the arrow.
The gnoll barely misses you.
Karl Marx barely misses the centaur.
The centaur shoots an arrow.
The arrow hits Karl Marx!
Karl Marx is destroyed!
You feel better.
The centaur shoots an arrow.
The arrow hits you!
* * * LOW HITPOINT WARNING * * *
The gnoll hits you but does no damage.
The centaur shoots an arrow.
The arrow hits you!
* * * LOW HITPOINT WARNING * * *
It was a potion of haste.
You feel yourself speed up. The gnoll barely misses you.
The centaur shoots an arrow.
The arrow hits you but does no damage.
You feel better.
The centaur shoots an arrow.
The arrow hits you!
* * * LOW HITPOINT WARNING * * *
The gnoll completely misses you.
Found a scroll of teleportation.
The centaur shoots an arrow.
The arrow hits you!
You die...

# ..# #.# ... ?..##.... ...
#...... ... .... ##...... .#
##.. ... #...####...$...
!##.... ...
###.............#####.......
...
..##......##....#.#.#.....#
...
......##..##....@...#....##
#..#.......#..............##
...#......##....g.##........
...............c...#...###
...#.....................#...
..###................>.......
#............................
#............................
..###....#...##.##...........


You could see a centaur and a gnoll.

Vanquished Creatures
  2 black bears
  3 elf zombies (Ossuary)
  2 adders (D:3)
  2 gnolls (D:4)
  A white imp (D:5)
  An adder skeleton (D:4)
  A worm (D:3)
  3 dart slugs (D:2)
  4 ball pythons
  4 endoplasms
  5 giant cockroaches
  3 hobgoblins
  3 quokkas (D:1)
  5 bats
  3 frilled lizards (D:1)
  2 goblins
  A goblin zombie (Ossuary)
  6 hobgoblin zombies (Ossuary)
  A jackal zombie (Ossuary)
  6 kobolds
  4 kobold zombies (Ossuary)
  5 orc zombies (Ossuary)
  A quokka zombie (D:7)
  12 rats
80 creatures vanquished.

Vanquished Creatures (collateral kills)
  A water moccasin (D:5)
  An ogre (D:5)
  A scorpion (D:4)
  A howler monkey (D:5)
  A bullfrog zombie (D:5)
  An orc priest (D:4)
  A bullfrog skeleton (D:5)
  A centaur skeleton (D:5)
  Jessica (D:2)
  An orc wizard (D:4)
  2 mummies (Ossuary)
  5 gnolls (D:4)
  An adder zombie (Ossuary)
  An adder skeleton (D:4)
  An orc (D:4)
  A ball python (D:4)
  A goblin (D:2)
  A quokka (D:2)
  A goblin zombie (Ossuary)
  4 hobgoblin zombies (Ossuary)
  A jackal zombie (Ossuary)
  2 kobolds
  4 kobold zombies (Ossuary)
  5 orc zombies (Ossuary)
  3 rats
  2 rat zombies
45 creatures vanquished.

Vanquished Creatures (others)
  A knight (D:5)
1 creature vanquished.

Grand Total: 126 creatures vanquished

Notes
Turn   | Place    | Note
-------+----------+-------------------------------------------
     0 | D:1      | Masnef the Gnoll Wanderer began the quest for the Orb.
     0 | D:1      | Masnef set off with the following items: a +0 mace, a +0
                  | chain mail, a scroll of fog
     0 | D:1      | Reached XP level 1. HP: 20/20 MP: 1/1
   100 | D:1      | Reached XP level 2. HP: 26/26 MP: 2/2
   289 | D:1      | Found a faded altar of an unknown god.
   301 | D:1      | Prayed at the altar of an unknown god.
   301 | D:1      | Became a worshipper of Hepliaklqana the Forgotten
   301 | D:1      | Reached * piety under Hepliaklqana
   836 | D:2      | Reached XP level 3. HP: 26/27 MP: 3/3
  1021 | D:2      | Reached skill level 1 in Invocations
  1045 | D:2      | Reached ** piety under Hepliaklqana
  1046 | D:2      | Remembered your ancestor Karl Marx as a knight
  1189 | D:2      | Noticed Jessica
  1194 | D:2      | Killed Jessica
  1195 | D:2      | Reached skill level 1 in Short Blades
  1195 | D:2      | Reached skill level 1 in Long Blades
  1195 | D:2      | Reached skill level 1 in Axes
  1195 | D:2      | Reached skill level 1 in Polearms
  1195 | D:2      | Reached skill level 1 in Staves
  1195 | D:2      | Reached skill level 1 in Slings
  1195 | D:2      | Reached skill level 1 in Bows
  1195 | D:2      | Reached skill level 1 in Crossbows
  1195 | D:2      | Reached skill level 1 in Throwing
  1195 | D:2      | Reached skill level 1 in Dodging
  1195 | D:2      | Reached skill level 1 in Shields
  1195 | D:2      | Reached skill level 1 in Unarmed Combat
  1195 | D:2      | Reached skill level 1 in Spellcasting
  1195 | D:2      | Reached XP level 4. HP: 32/34 MP: 5/5
  1504 | D:3      | Identified the +7 dagger "Hir Cew" {freeze, Str+2 Stlth+}
  1641 | D:3      | Found a glowing silver altar of Zin.
  1829 | D:3      | Reached skill level 1 in Conjurations
  1829 | D:3      | Reached skill level 1 in Hexes
  1829 | D:3      | Reached skill level 1 in Summonings
  1829 | D:3      | Reached skill level 1 in Necromancy
  1829 | D:3      | Reached skill level 1 in Translocations
  1829 | D:3      | Reached skill level 1 in Transmutations
  1829 | D:3      | Reached skill level 1 in Fire Magic
  1829 | D:3      | Reached skill level 1 in Ice Magic
  1829 | D:3      | Reached skill level 1 in Air Magic
  1829 | D:3      | Reached skill level 1 in Earth Magic
  1829 | D:3      | Reached skill level 1 in Poison Magic
  1829 | D:3      | Noticed a black bear
  1835 | D:3      | Killed a black bear
  1836 | D:3      | Reached XP level 5. HP: 35/38 MP: 5/7
  2261 | D:4      | Reached *** piety under Hepliaklqana
  2284 | D:4      | You are sucked into a shaft and drop 3 floors!
  2375 | D:7      | Found a staircase to the Ecumenical Temple.
  2381 | Temple   | Entered the Ecumenical Temple
  2425 | D:7      | Found a sand-covered staircase.
  2436 | Ossuary  | Entered an ossuary
  2575 | Ossuary  | Reached XP level 6. HP: 26/45 MP: 8/8
  2579 | Ossuary  | Reached skill level 5 in Fighting
  2579 | Ossuary  | Reached skill level 5 in Armour
  2838 | Ossuary  | Reached XP level 7. HP: 38/50 MP: 10/10
  2974 | D:6      | Noticed a troll
  2982 | D:5      | Entered Level 5 of the Dungeon
  3255 | D:4      | Reached skill level 9 in Maces & Flails
  3823 | D:4      | Reached XP level 8. HP: 7/56 MP: 12/12
  4481 | D:5      | Reached **** piety under Hepliaklqana
  4716 | D:5      | Shot with an arrow by a centaur

Illustrated notes

Levels and vault maps discovered:
D:1:      dpeg_arrival_ratfight, layout_loops_ring,
          ebering_ecumenical_altar_petrified
D:2:      layout_basic, kennysheep_decorative_pillar, uniq_jessica
D:3:      layout_basic, zin_statuary
D:4:      layout_loops_ring
D:5:      layout_cave_pools, uniq_ijyb, uniq_grinder
D:6:      layout_layer_cave, uniq_sigmund
D:7:      layout_gridville, temple_green, enter_ossuary_4,
          minmay_misc_feat_alley, minmay_bent
Temple:   mainiacjoe_temple_trianglar_array

Skill      XL: |  1  2  3  4  5  6  7  8 |
---------------+-------------------------+-----
Invocations    | 1 2 3 |  3.4
Short Blades   | 1 2 3 |  3.1
Long Blades    | 1 2 3 |  3.1
Axes           | 1 2 3 |  3.1
Polearms       | 1 2 3 |  3.1
Staves         | 1 2 3 |  3.1
Slings         | 1 2 3 |  3.1
Bows           | 1 2 3 |  3.1
Crossbows      | 1 2 3 |  3.1
Throwing       | 1 2 3 |  3.1
Dodging        | 1 2 3 |  3.1
Shields        | 1 2 3 |  3.1
Unarmed Combat | 1 2 3 |  3.1
Spellcasting   | 1 2 3 |  3.1
Conjurations   | 1 2 |  2.5
Hexes          | 1 2 |  2.5
Summonings     | 1 2 |  2.5
Necromancy     | 1 2 |  2.5
Translocations | 1 2 |  2.5
Transmutations | 1 2 |  2.5
Fire Magic     | 1 2 |  2.5
Ice Magic      | 1 2 |  2.5
Air Magic      | 1 2 |  2.5
Earth Magic    | 1 2 |  2.5
Poison Magic   | 1 2 |  2.5
Evocations     | 3 4 |  4.1
Stealth        | 3 |  3.9
Fighting       | 5 |  5.6
Armour         | 5 |  5.6
Maces & Flails | 9 |  9.1

Action                   |  1- 3 |  4- 6 |  7- 9 || total
-------------------------+-------+-------+-------++-------
Melee: Mace              |   103 |    45 |    39 ||   187
       Bite              |     9 |    15 |     4 ||    28
       Dagger            |       |    63 |    11 ||    74
       Punch             |       |     3 |     2 ||     5
       Halberd           |       |       |    16 ||    16
Invok: Ancestor Identity |     3 |       |       ||     3
       Ancestor Life: Kn |     1 |       |       ||     1
       Recall Ancestor   |       |     2 |     1 ||     3
  Use: Scroll            |       |     2 |     1 ||     3
       Potion            |       |       |     3 ||     3
 Stab: Distracted        |     1 |     1 |     2 ||     4
Armor: Chain mail        |    67 |    76 |    42 ||   185
Dodge: Dodged            |    23 |    18 |    20 ||    61
